 Dungeon Crawl Stone Soup version 0.19-a0-1457-g32fba05 (webtiles) character file.

532 Leszczynek the Chopper (level 7, -3/52 HPs)
             Began as a Hill Orc Wanderer on Sept 7, 2016.
             Was a Follower of Elyvilon.
             Slain by an ogre
             ... wielding a +0 giant club
              (17 damage)
             ... on level 6 of the Dungeon.
             The game lasted 00:10:09 (4130 turns).

Leszczynek the Chopper (Hill Orc Wanderer)          Turns: 4130, Time: 00:10:10

Health: -3/52      AC:  6    Str: 19    XL:     7   Next: 24%
Magic:  8/8        EV: 10    Int:  8    God:    Elyvilon [*.....]
Gold:   388        SH:  0    Dex: 12    Spells: 0 memorised, 8 levels left

rFire  . . .     SeeInvis .     b - +0 war axe
rCold  . . .     Gourm    .     d - +1 ring mail
rNeg   . . .     Faith    .     (no shield)
rPois  .         Spirit   .     (no helmet)
rElec  .         Dismiss  .     (no cloak)
rCorr  .         Reflect  .     (no gloves)
MR     .....     Harm     .     (no boots)
Stlth  +.........               (no amulet)
                                (no ring)
                                (no ring)

@: no status effects
A: no striking features
a: Lesser Healing, Divine Protection, Renounce Religion


You were on level 6 of the Dungeon.
You worshipped Elyvilon.
Elyvilon was aware of your devotion.
You were not hungry.

You visited 2 branches of the dungeon, and saw 7 of its levels.

You collected 388 gold pieces.

Inventory:

Hand Weapons
 a - a +2 hand crossbow
 b - a +0 war axe (weapon)
Missiles
 p - 34 bolts
Armour
 d - a +1 ring mail (worn)
 D - a +2 buckler of protection
Wands
 y - a wand of acid (2/15)
 z - a wand of iceblast (0/15)
Scrolls
 e - 2 scrolls of teleportation
 i - 3 scrolls of identify {unknown}
 k - a scroll of blinking
 r - a scroll of magic mapping {unknown}
 t - a scroll of immolation
 u - a scroll of enchant armour
 w - a scroll of enchant weapon {unknown}
 B - a scroll of remove curse {unknown}
 F - a scroll of amnesia {unknown}
 G - a scroll of vulnerability {unknown}
Potions
 c - a potion of lignification
 g - a potion of resistance {unknown}
 h - a potion of heal wounds {unknown}
 j - a potion of berserk rage {unknown}
 l - a potion of flight {unknown}
 m - a potion of ambrosia {unknown}
 n - 2 potions of degeneration {unknown}
 o - a potion of agility {unknown}
 v - 2 potions of brilliance {unknown}
 C - 2 potions of curing {unknown}
Comestibles
 f - 8 bread rations
 q - a slice of pizza
 s - 3 meat rations
 x - a royal jelly
 A - 2 beef jerkies
 E - 10 chunks of flesh


   Skills:
 - Level 1.2 Fighting
 + Level 7.4 Axes
 - Level 3.1 Crossbows
 - Level 3.2 Armour
 + Level 3.0 Shields
 - Level 1.0 Spellcasting
   Level 1.0 Summonings
   Level 1.0 Ice Magic
 - Level 2.0 Evocations


You had 8 spell levels left.
You didn't know any spells.

Dungeon Overview and Level Annotations

Branches:
Dungeon (6/15)             Temple (1/1) D:4

Altars:
Dithmenos
Elyvilon
Fedhas
Gozag
Kikubaaqudgha
Makhleb
Okawaru
Ru
Sif Muna
Trog
Vehumet
Xom
Yredelemnul
The Shining One

Annotations:
D:5 hill giant


Message History

The ogre is heavily wounded.
Evoking this partially-identified wand wasted a few charges.
You closely miss the ogre.
The ogre is heavily wounded.
The ogre hits you with a giant club!!
Your ring mail prevents you from hitting the ogre.
The ogre is heavily wounded.
The ogre barely misses you.
You barely miss the ogre.
The ogre is heavily wounded.
The ogre misses you.
You slash the ogre!
The ogre is almost dead.
The ogre hits you with a giant club!
You are too injured to fight recklessly!
You are too injured to fight recklessly!
You barely miss the ogre.
The ogre is almost dead.
The ogre hits you with a giant club!
You die...

# ####.# #.O..# ##@# #..#
.# ##.## .# #..#
######.#### ##.##
##..........
##..#######...........
#.>....).).)..........
......#####..............
.............#............


You could see an ogre.

Vanquished Creatures
  An ice beast (D:5)
  An ogre (D:5)
  A scorpion (D:4)
  A crimson imp (D:5)
  An iguana (D:6)
  2 worker ants (D:4)
  3 gnolls (D:6)
  8 adders
  A shadow imp (D:5)
  An ooze (D:1)
  2 worms (D:4)
  3 dart slugs
  A giant gecko (D:1)
  7 orcs
  6 giant cockroaches
  7 goblins
  5 hobgoblins
  18 jackals
  7 kobolds
  3 quokkas
  3 bats
  6 giant newts
  A quokka skeleton (D:4)
  3 rats
  A spectral orc (D:5)
93 creatures vanquished.

Notes
Turn   | Place    | Note
-------+----------+-------------------------------------------
     0 | D:1      | Leszczynek the Hill Orc Wanderer began the quest for the Orb.
     0 | D:1      | Leszczynek set off with: a +2 hand crossbow, 22 bolts, a potion of lignification, a +0 ring mail, a bread ration
     0 | D:1      | Reached XP level 1. HP: 16/16 MP: 2/2
   119 | D:1      | Reached XP level 2. HP: 23/23 MP: 3/3
   195 | D:1      | Reached skill level 2 in Crossbows
   735 | D:2      | Reached XP level 3. HP: 23/28 MP: 4/4
   972 | D:2      | Reached skill level 3 in Crossbows
  1256 | D:2      | Reached skill level 1 in Axes
  1393 | D:3      | Reached XP level 4. HP: 35/35 MP: 5/5
  1442 | D:3      | Reached skill level 2 in Axes
  1690 | D:3      | Reached skill level 3 in Axes
  2084 | D:3      | Reached XP level 5. HP: 32/40 MP: 6/6
  2271 | D:3      | Found a deep blue altar of Sif Muna.
  2374 | D:3      | Reached skill level 4 in Axes
  2465 | D:3      | Found a sacrificial altar of Ru.
  2768 | D:4      | Reached skill level 5 in Axes
  2880 | D:4      | Found a staircase to the Ecumenical Temple.
  2894 | D:4      | Reached XP level 6. HP: 41/47 MP: 7/7
  2897 | Temple   | Entered the Ecumenical Temple
  2943 | Temple   | Became a worshipper of Elyvilon the Healer
  3084 | D:4      | Reached skill level 6 in Axes
  3085 | D:4      | Found a blossoming altar of Fedhas.
  3474 | D:5      | Entered Level 5 of the Dungeon
  3474 | D:5      | Noticed an ice beast
  3530 | D:5      | Killed an ice beast
  3530 | D:5      | Reached skill level 1 in Shields
  3611 | D:5      | Reached * piety under Elyvilon
  3627 | D:5      | Reached skill level 2 in Shields
  3757 | D:5      | Reached XP level 7. HP: 51/52 MP: 8/8
  3763 | D:5      | Reached skill level 7 in Axes
  3812 | D:5      | Found a basalt altar of Yredelemnul.
  3854 | D:5      | Noticed a hill giant
  3855 | D:5      | oh really
  4011 | D:6      | Reached skill level 3 in Shields
  4130 | D:6      | Slain by an ogre

Vault maps used:
D:1:      minmay_arrival_pointy
D:3:      nicolae_ru_path_of_blood, led_sif_pool
D:4:      lemuel_crystal_altar, grunt_ministairs_1
D:5:      yredelemnul_forgotten_temple_becter, serial_glass, glass_columns_a,
          glass_columns_a, first_bread, dk_noncrumbling_3
D:6:      lemuel_doored_altar, overflow_temple_1_default,
          grunt_temple_overflow_open, minmay_misc_feat_hallway, corner_web_ring,
          grunt_ministairs_11
Temple:   chequers_temple_sunken

Skill      XL: |  1  2  3  4  5  6  7 |
---------------+----------------------+-----
Crossbows      | 2 3 |  3.1
Axes           | 1 3 5 6 7 |  7.4
Shields        | 2 3 |  3.0
Fighting       | |  1.2
Armour         | |  3.2
Spellcasting   | |  1.0
Summonings     | |  1.0
Ice Magic      | |  1.0
Evocations     | |  2.0

Action                   |  1- 3 |  4- 6 |  7- 9 || total
-------------------------+-------+-------+-------++-------
Melee: Hand axe          |    76 |    16 |       ||    92
       War axe           |       |    69 |    41 ||   110
 Fire: Hand crossbow     |    45 |    39 |       ||    84
Evoke: Wand              |       |     4 |     2 ||     6
  Use: Scroll            |       |     4 |       ||     4
  Eat: Chunk             |     2 |     7 |     1 ||    10
Armor: Ring mail         |    43 |    40 |    17 ||   100
Dodge: Dodged            |    55 |    54 |    19 ||   128
